cohdb
Replays
Latest Replays
All Replays
Popular Replays
Top Player Replays
Match Explorer
How It Works
Community
CoH3 Stats
Reddit
Sign in to upload your games and track your stats! →
Sign in with Steam
Match 33079112
Unlisted
Match 33079112
Overview
Messages
Build Orders
End
Panzergrenadier Squad
Selects Italian Infantry
250 Light Carrier
Panzergrenadier Squad
Panzergrenadier Squad
Construct Light Support Kompanie
Fire Support Elements
Veteran Squad Leaders
Selects Guastatori Squad
le.IG 18 Mechanized Group
Combat Half-tracks
Construct Panzerarmee Kommand
Selects Defensive Operations
Panzer III L Medium Tank
Pak 38 Mechanized Group
Selects Prepared Positions
Walking Stuka Rocket Launcher
Emergency Repair Kits
Guastatori Squad
Walking Stuka Rocket Launcher
Vehicle Survival Package
Brick_Johnson
SHiro Poster
THE CAPN
Sartore13
Ben369
Orlando
Mr odrareg
gUi
0
0
Comments
sign in to comment!
No comments posted yet!